APP
PULASKI YANKEES @ TEXAS (APP) RANGERS
07/30/2044
 
TOP OF THE 1ST
Pulaski Yankees batting - Pitching for Texas (APP) Rangers : RHP Jim Canady
Pitching: RHP Jim Canady
Batting: LHB Joel Vera 0-0: Ball
1-0: Ball
2-0: Ball
3-0: Base on Balls
Batting: LHB Dan Morris 0-0: Ball
Joel Vera steals 2nd base
1-0: Ground out 4-3 (Groundball, 34, EV 88.1 MPH)
Joel Vera to third
Batting: SHB Blake Abbott 0-0: Ball
1-0: Fly out, F9 (Flyball, 9D, EV 95.6 MPH)
Runner from 3rd tags up, SCORES, no throw by RF
Batting: RHB Mike Gifford 0-0: Called Strike
0-1: Swinging Strike
0-2: Ball
1-2: Strikes out looking
Top of the 1st over - 1 run, 0 hits, 0 errors, 0 left on base; Pulaski 1 - Texas (APP) 0
BOTTOM OF THE 1ST
Texas (APP) Rangers batting - Pitching for Pulaski Yankees : RHP Chris McCoy
Pitching: RHP Chris McCoy
Batting: RHB Jay De Angelis 0-0: Foul Ball, location: 2F
0-1: Ball
1-1: Called Strike
1-2: Ball
2-2: Strikes out swinging
Batting: RHB Alex Lopez 0-0: Called Strike
0-1: Swinging Strike
0-2: Strikes out swinging, 2-3 out at first.
Batting: LHB Tomoya Hashimoto 0-0: SINGLE (Flyball, 56D, EV 88.8 MPH) - OUT at second base trying to stretch hit.
Bottom of the 1st over - 0 runs, 1 hit, 0 errors, 0 left on base; Pulaski 1 - Texas (APP) 0
TOP OF THE 2ND
Pulaski Yankees batting - Pitching for Texas (APP) Rangers : RHP Jim Canady
Batting: RHB Bobby Melillo 0-0: Called Strike
0-1: SINGLE (Groundball, 6D, EV 96.2 MPH)
Batting: RHB Colby Macon 0-0: Called Strike
0-1: Fielders Choice at 2nd, 4-6 (Groundball, 4MD, EV 105.6 MPH)
Batting: RHB Johannes Gutermuth 0-0: Ball
1-0: Called Strike
Colby Macon steals 2nd base
1-1: Ball
2-1: Ground out U3 (Groundball, 34, EV 88.8 MPH)
Colby Macon to third
Batting: SHB Joe Fure 0-0: Ball
1-0: Foul Ball, location: 2F
1-1: SINGLE (Groundball, 4MD, EV 103.1 MPH)
Colby Macon scores
Batting: RHB Roberto Tena 0-0: Ball
Joe Fure is caught stealing 2nd base 2-4
Top of the 2nd over - 1 run, 2 hits, 0 errors, 0 left on base; Pulaski 2 - Texas (APP) 0
BOTTOM OF THE 2ND
Texas (APP) Rangers batting - Pitching for Pulaski Yankees : RHP Chris McCoy
Batting: RHB Ryan Pastore 0-0: Ground out 4-3 (Groundball, 4, EV 85.6 MPH)
Batting: RHB Shawn Weber 0-0: Ground out 4-3 (Groundball, 4, EV 85.0 MPH)
Batting: SHB Mark Paquin 0-0: Ball
1-0: Called Strike
1-1: Foul Ball, location: 2F
1-2: Foul Ball, location: 2F
1-2: Foul Ball, location: 2F
1-2: Strikes out swinging
Bottom of the 2nd over - 0 runs, 0 hits, 0 errors, 0 left on base; Pulaski 2 - Texas (APP) 0
TOP OF THE 3RD
Pulaski Yankees batting - Pitching for Texas (APP) Rangers : RHP Jim Canady
Batting: RHB Roberto Tena 0-0: Ball
1-0: Ball
2-0: Called Strike
2-1: Ground out 5-3 (Groundball, 5, EV 106.9 MPH)
Batting: LHB Joel Vera 0-0: Ball
1-0: Ball
2-0: Ball
3-0: Called Strike
3-1: Ground out 4-3 (Groundball, 4, EV 83.1 MPH)
Batting: LHB Dan Morris 0-0: SINGLE (Line Drive, 9S, EV 95.0 MPH)
Batting: SHB Blake Abbott 0-0: Ball
1-0: Foul Ball, location: 2F
1-1: Ball
2-1: Ball
3-1: 2-RUN HOME RUN (Flyball, 9LD, EV 94.4 MPH), Distance : 354 ft
Batting: RHB Mike Gifford 0-0: Called Strike
0-1: Ball
1-1: Ball
2-1: Swinging Strike
2-2: Strikes out swinging
Top of the 3rd over - 2 runs, 2 hits, 0 errors, 0 left on base; Pulaski 4 - Texas (APP) 0
BOTTOM OF THE 3RD
Texas (APP) Rangers batting - Pitching for Pulaski Yankees : RHP Chris McCoy
Batting: RHB Rafael Tapia 0-0: Fly out, F1 (Line Drive, P, EV 75.0 MPH)
Batting: SHB Albert Ortiz 0-0: Ball
1-0: Ball
2-0: Foul Ball, location: 2F
2-1: Ground out 4-3 (Groundball, 4, EV 80.6 MPH)
Batting: RHB Jordan Llanes 0-0: Fly out, F7 (Flyball, 7, EV 83.8 MPH)
Bottom of the 3rd over - 0 runs, 0 hits, 0 errors, 0 left on base; Pulaski 4 - Texas (APP) 0
TOP OF THE 4TH
Pulaski Yankees batting - Pitching for Texas (APP) Rangers : RHP Jim Canady
Batting: RHB Bobby Melillo 0-0: Called Strike
0-1: Ball
1-1: SINGLE (Flyball, 3D, EV 90.6 MPH)
Batting: RHB Colby Macon 0-0: Ball
1-0: Ball
2-0: SINGLE (Line Drive, 89M, EV 106.2 MPH)
Bobby Melillo to second
Batting: RHB Johannes Gutermuth 0-0: Ball
1-0: Ball
2-0: Foul Ball, location: 2F
2-1: Foul Ball, location: 2F
2-2: Ball
3-2: Strikes out swinging
Batting: SHB Joe Fure 0-0: Hit by Pitch
Bobby Melillo to third
Colby Macon to second
Batting: RHB Roberto Tena 0-0: Foul Ball, location: 2F
0-1: Fly out, F8 (Flyball, 8RD, EV 107.5 MPH)
Runner from 3rd tags up, SCORES, throw by CF
Batting: LHB Joel Vera 0-0: Ball
1-0: Ball
2-0: Called Strike
2-1: Called Strike
2-2: Strikes out looking
Top of the 4th over - 1 run, 2 hits, 0 errors, 2 left on base; Pulaski 5 - Texas (APP) 0
BOTTOM OF THE 4TH
Texas (APP) Rangers batting - Pitching for Pulaski Yankees : RHP Chris McCoy
Batting: RHB Jay De Angelis 0-0: Called Strike
0-1: Foul Ball, location: 2F
0-2: Foul Ball, location: 2F
0-2: Ball
1-2: SINGLE (Groundball, 6MD, EV 101.9 MPH) (infield hit)
Batting: RHB Alex Lopez 0-0: Called Strike
Jay De Angelis steals 2nd base (no throw)
0-1: Foul Ball, location: 2F
0-2: Ball
1-2: Foul Ball, location: 2F
1-2: Foul Ball, location: 2F
1-2: Ground out 6-3 (Groundball, 6, EV 98.8 MPH)
Batting: LHB Tomoya Hashimoto 0-0: Ball
1-0: Ball
2-0: Fly out, F7 (Flyball, 78M, EV 88.8 MPH)
Batting: RHB Ryan Pastore 0-0: Called Strike
0-1: Foul Ball, location: 2F
0-2: Ball
1-2: Strikes out looking
Bottom of the 4th over - 0 runs, 1 hit, 0 errors, 1 left on base; Pulaski 5 - Texas (APP) 0
TOP OF THE 5TH
Pulaski Yankees batting - Pitching for Texas (APP) Rangers : RHP Jim Canady
Batting: LHB Dan Morris 0-0: Ball
1-0: Ball
2-0: Foul Ball, location: 2F
2-1: Foul Ball, location: 2F
2-2: Ball
3-2: Base on Balls
Batting: SHB Blake Abbott 0-0: Ball
1-0: Ball
2-0: Ball
3-0: Called Strike
3-1: Foul Ball, location: 2F
3-2: Base on Balls
Dan Morris to second
Batting: RHB Mike Gifford 0-0: Swinging Strike
0-1: Foul Ball, location: 2F
0-2: SINGLE (Line Drive, 3L, EV 96.9 MPH)
Dan Morris to third
Blake Abbott to second
Batting: RHB Bobby Melillo 0-0: Ball
1-0: Ball
2-0: Swinging Strike
2-1: Foul Ball, location: 2F
2-2: Foul Ball, location: 2F
2-2: Ball
3-2: Fly out, F9 (Flyball, 9, EV 97.5 MPH)
Batting: RHB Colby Macon 0-0: Called Strike
0-1: SINGLE (Groundball, 6S, EV 65.6 MPH) (infield hit)
Dan Morris scores
Blake Abbott to third
Mike Gifford to second
Batting: RHB Johannes Gutermuth 0-0: Called Strike
0-1: Foul Ball, location: 2F
0-2: Foul Ball, location: 2F
0-2: Ball
1-2: Strikes out swinging
Batting: SHB Joe Fure 0-0: Called Strike
0-1: Ball
1-1: Swinging Strike
1-2: Strikes out swinging
Top of the 5th over - 1 run, 2 hits, 0 errors, 3 left on base; Pulaski 6 - Texas (APP) 0
BOTTOM OF THE 5TH
Texas (APP) Rangers batting - Pitching for Pulaski Yankees : RHP Chris McCoy
Batting: RHB Shawn Weber 0-0: Called Strike
0-1: Ball
1-1: Foul Ball, location: 2F
1-2: DOUBLE (Flyball, 78XD, EV 97.5 MPH)
Batting: SHB Mark Paquin 0-0: Ball
1-0: Ground out 5-3 (Groundball, 56, EV 86.2 MPH)
Batting: RHB Rafael Tapia 0-0: Swinging Strike
0-1: Ball
1-1: Called Strike
1-2: SINGLE (Groundball, 6S, EV 71.9 MPH) (infield hit)
Shawn Weber to third
Batting: SHB Albert Ortiz 0-0: Called Strike
0-1: Swinging Strike
Passed Ball!
Shawn Weber scores
Rafael Tapia to second
0-2: Strikes out swinging
Batting: RHB Jordan Llanes 0-0: Ball
1-0: SINGLE (Groundball, 6M, EV 86.9 MPH) (infield hit)
Rafael Tapia to third
Batting: RHB Jay De Angelis 0-0: Ball
1-0: Ball
2-0: Swinging Strike
2-1: Ball
3-1: Fielders Choice at 2nd, 5-4 (Groundball, 56, EV 105.0 MPH)
Bottom of the 5th over - 1 run, 3 hits, 0 errors, 2 left on base; Pulaski 6 - Texas (APP) 1
TOP OF THE 6TH
Pulaski Yankees batting - Pitching for Texas (APP) Rangers : RHP Jim Canady
Batting: RHB Roberto Tena 0-0: Ball
1-0: Called Strike
1-1: Fly out, F8 (Flyball, 8RXD, EV 95.0 MPH)
Batting: LHB Joel Vera 0-0: Ball
1-0: Ball
2-0: Swinging Strike
2-1: Ball
3-1: Base on Balls
Batting: LHB Dan Morris 0-0: Called Strike
0-1: SINGLE (Line Drive, 3D, EV 97.5 MPH)
Joel Vera to second
Batting: SHB Blake Abbott 0-0: Called Strike
Joel Vera steals 3rd base
0-1: Called Strike
Dan Morris is caught stealing 2nd base 2-6
0-2: Foul Ball, location: 2F
0-2: Ball
1-2: Ground out U3 (Groundball, 3S, EV 82.5 MPH)
Top of the 6th over - 0 runs, 1 hit, 0 errors, 1 left on base; Pulaski 6 - Texas (APP) 1
BOTTOM OF THE 6TH
Texas (APP) Rangers batting - Pitching for Pulaski Yankees : RHP Chris McCoy
Batting: RHB Alex Lopez 0-0: Ball
1-0: Fly out, F8 (Flyball, 8RXD, EV 98.1 MPH)
Batting: LHB Tomoya Hashimoto 0-0: Called Strike
0-1: Swinging Strike
0-2: Ball
1-2: Ball
2-2: Fly out, F6 (Popup, 6MS, EV 66.9 MPH)
Batting: RHB Ryan Pastore 0-0: Ball
1-0: Foul Ball, location: 2F
1-1: Ball
2-1: Ball
3-1: Called Strike
3-2: Foul Ball, location: 2F
3-2: Ground out 4-3 (Groundball, 4, EV 83.8 MPH)
Bottom of the 6th over - 0 runs, 0 hits, 0 errors, 0 left on base; Pulaski 6 - Texas (APP) 1
TOP OF THE 7TH
Pulaski Yankees batting - Pitching for Texas (APP) Rangers : RHP Jim Canady
Batting: RHB Mike Gifford 0-0: Called Strike
0-1: Ball
1-1: Ball
2-1: Ground out U3 (Groundball, 3, EV 80.0 MPH)
Batting: RHB Bobby Melillo 0-0: Ball
1-0: Fly out, F8 (Flyball, 8LD, EV 81.9 MPH)
Batting: RHB Colby Macon 0-0: Ball
1-0: SINGLE (Groundball, 6D, EV 103.8 MPH)
Batting: RHB Johannes Gutermuth 0-0: Called Strike
0-1: Called Strike
0-2: Ball
1-2: Ball
2-2: Ball
3-2: Foul Ball, location: 2F
3-2: Ground out 6-3 (Groundball, 6, EV 78.1 MPH)
Top of the 7th over - 0 runs, 1 hit, 0 errors, 1 left on base; Pulaski 6 - Texas (APP) 1
BOTTOM OF THE 7TH
Texas (APP) Rangers batting - Pitching for Pulaski Yankees : RHP Chris McCoy
Pitching: RHP Vince DeFord
Batting: RHB Shawn Weber 0-0: Called Strike
0-1: Swinging Strike
0-2: Strikes out swinging
Batting: SHB Mark Paquin 0-0: Called Strike
0-1: Ball
1-1: Called Strike
1-2: Strikes out swinging
Batting: RHB Rafael Tapia 0-0: Ground out 6-3 (Groundball, P, EV 90.6 MPH)
Bottom of the 7th over - 0 runs, 0 hits, 0 errors, 0 left on base; Pulaski 6 - Texas (APP) 1
TOP OF THE 8TH
Pulaski Yankees batting - Pitching for Texas (APP) Rangers : RHP Jim Canady
Pitching: RHP Manny Campos
Batting: SHB Joe Fure 0-0: Foul Ball, location: 2F
0-1: Foul Ball, location: 2F
0-2: Foul Ball, location: 2F
0-2: Ball
1-2: Foul Ball, location: 2F
1-2: Ball
2-2: Fly out, F6 (Popup, 6MS, EV 74.4 MPH)
Batting: RHB Roberto Tena 0-0: Called Strike
0-1: Ball
1-1: Called Strike
1-2: Ground out 1-3 (Groundball, 15S, EV 61.9 MPH)
Batting: LHB Joel Vera 0-0: Ball
1-0: Ball
2-0: Called Strike
2-1: Ball
3-1: Base on Balls
Batting: LHB Dan Morris 0-0: Ball
Joel Vera steals 2nd base
1-0: Ball
2-0: Ball
3-0: Called Strike
3-1: DOUBLE (Line Drive, 78XD, EV 105.0 MPH)
Joel Vera scores
Batting: SHB Blake Abbott 0-0: Fly out, F9 (Line Drive, 9S, EV 101.2 MPH)
Top of the 8th over - 1 run, 1 hit, 0 errors, 1 left on base; Pulaski 7 - Texas (APP) 1
BOTTOM OF THE 8TH
Texas (APP) Rangers batting - Pitching for Pulaski Yankees : RHP Vince DeFord
Batting: SHB Albert Ortiz 0-0: Foul Ball, location: 2F
0-1: Called Strike
0-2: Ball
1-2: Ball
2-2: Strikes out swinging
Pinch Hitting: LHB Walter Vegter 0-0: Ball
1-0: Called Strike
1-1: Foul Ball, location: 2F
1-2: Foul Ball, location: 2F
1-2: Ball
2-2: Foul Ball, location: 2F
2-2: Strikes out swinging
Batting: RHB Jay De Angelis 0-0: Called Strike
0-1: Ball
1-1: Ball
2-1: Called Strike
2-2: Ball
3-2: DOUBLE (Groundball, 5L, EV 101.2 MPH)
Batting: RHB Alex Lopez 0-0: Foul Ball, location: 2F
0-1: Foul Ball, location: 2F
0-2: Ball
1-2: Strikes out swinging
Bottom of the 8th over - 0 runs, 1 hit, 0 errors, 1 left on base; Pulaski 7 - Texas (APP) 1
TOP OF THE 9TH
Pulaski Yankees batting - Pitching for Texas (APP) Rangers : RHP Manny Campos
Now in CF: Walter Vegter
Batting: RHB Mike Gifford 0-0: Ball
1-0: Swinging Strike
1-1: Called Strike
1-2: Ball
2-2: Ball
3-2: Foul Ball, location: 2F
3-2: Base on Balls
Batting: RHB Bobby Melillo 0-0: Ball
1-0: Swinging Strike
1-1: 2-RUN HOME RUN (Flyball, 7LD, EV 95.6 MPH), Distance : 351 ft
Batting: RHB Colby Macon 0-0: Foul Ball, location: 2F
0-1: Foul Ball, location: 2F
0-2: Ball
1-2: Ball
2-2: SINGLE (Groundball, 6M, EV 106.2 MPH) (infield hit)
Pitching: RHP Katsuhito Hoshi
Batting: RHB Johannes Gutermuth 0-0: Called Strike
0-1: Ball
Wild Pitch!
Colby Macon to second
1-1: Foul Ball, location: 2F
1-2: 2-RUN HOME RUN (Flyball, 9D, EV 95.0 MPH), Distance : 374 ft
Batting: SHB Joe Fure 0-0: Swinging Strike
0-1: Ball
1-1: Foul Ball, location: 2F
1-2: Ball
2-2: Fly out, F7 (Flyball, 78M, EV 93.8 MPH)
Pinch Hitting: RHB Nick Dunton 0-0: Swinging Strike
0-1: Ball
1-1: Ball
2-1: Foul Ball, location: 2F
2-2: Strikes out swinging
Batting: LHB Joel Vera 0-0: Ball
1-0: Foul Ball, location: 2F
1-1: Foul Ball, location: 2F
1-2: Fly out, F5 (Popup, 56, EV 78.8 MPH)
Top of the 9th over - 4 runs, 3 hits, 0 errors, 0 left on base; Pulaski 11 - Texas (APP) 1
BOTTOM OF THE 9TH
Texas (APP) Rangers batting - Pitching for Pulaski Yankees : RHP Vince DeFord
Now at SS: Dan Morris
Now in RF: Nick Dunton
Pinch Hitting: LHB Steven Frederick 0-0: Ball
1-0: Ball
2-0: Called Strike
2-1: Foul Ball, location: 2F
2-2: Strikes out swinging
Batting: RHB Ryan Pastore 0-0: Ball
1-0: Called Strike
1-1: Ball
2-1: Foul Ball, location: 2F
2-2: Ball
3-2: SOLO HOME RUN (Flyball, 9D, EV 95.6 MPH), Distance : 367 ft
Batting: RHB Shawn Weber 0-0: Ground out 5-3 (Groundball, 56, EV 90.0 MPH)
Batting: SHB Mark Paquin 0-0: Ball
1-0: Swinging Strike
1-1: Called Strike
1-2: Foul Ball, location: 2F
1-2: Ball
2-2: Foul Ball, location: 2F
2-2: Foul Ball, location: 2F
2-2: Strikes out swinging
Bottom of the 9th over - 1 run, 1 hit, 0 errors, 0 left on base; Pulaski 11 - Texas (APP) 2
Thursday, March 31st , 2022 - OOTP Baseball 22.12 Build 89